[Event "*** Titled Tuesday Blitz"]
[Site "Chess.com"]
[Date "2020.05.19"]
[Round "6"]
[White "alenee"]
[Black "Shubinkirill2003"]
[Result "1/2-1/2"]
[WhiteElo "2432"]
[BlackElo "2570"]
[TimeControl "180+1"]
[EndTime "13:10:15 PDT"]
[Termination "Game drawn - insufficient material"]

1. e4 e6 2. d4 d5 3. exd5 exd5 4.
Nf3 Nc6 5. Bd3 Nge7 6. O-O Bg4 7. c3 Qd7 8. b4 Ng6 9. Re1+ Be7 10. b5 Nd8 11. Ba3 Ne6 12. Bxe7 Qxe7 13. h3 Bxf3 14. Qxf3 Rd8 15. Nd2 O-O 16. Qg3 Qd6 17. Nf1 Nef4 18. Bc2 Rfe8 19. Ne3 c6 20. a4 c5 21. Bxg6 hxg6 22. dxc5 Qc7 23. Rad1 Re4 24. Kh2 Qxc5 25. Nc2 Rxe1 26. Rxe1 Ne6 27. Qe5 Rc8 28. Nd4 Nf8 29. Nf3 f6 30. Qe7 Qc7+ 31. Qxc7 Rxc7 32. Rd1 Rxc3 33. Rxd5 Rc4 34. Rd4 Rxd4 35. Nxd4 Kf7 36. Kg3 Nd7 37. Kf4 Nc5 38. a5 a6 39. bxa6 bxa6 40.
Nc6 Ke6 41. Nb4 Nb3 42. Nxa6 Nxa5 43. Nc5+ Kf7 44. Ne4 Nc6 45. g4 g5+ 46. Kf3 Ne5+ 47. Kg3 Kg6 48. f4 gxf4+ 49. Kxf4 Nf7 50. Ng3 Kh7 51.
h4 g6 52. h5 Kg7 53. hxg6 Kxg6 54. Nh5 Ng5 55. Nxf6 Kxf6 56. Kg3 Ne6 57. Kh4 Kg6 58. g5 Nxg5 1/2-1/2

[Event "*** Titled Tuesday Blitz"]
[Site "Chess.com"]
[Date "2020.05.19"]
[Round "6"]
[White "Emolas-2020"]
[Black "Bastiandash"]
[Result "0-1"]
[WhiteElo "2296"]
[BlackElo "2206"]
[TimeControl "180+1"]
[EndTime "13:10:15 PDT"]
[Termination "Bastiandash won on time"]

1. e4 c5 2. Nf3 e6 3. d4 cxd4 4. Nxd4 a6 5. Nc3 b5 6. Bd3 Qb6 7. Nb3 Qc7 8. O-O Bb7 9. Re1 d6 10. Bf4 Nd7 11. Bg3 h5 12. Bh4 Ngf6 13. Qe2 Ne5 14.
Rad1 Ng6 15. Bxf6 gxf6 16. Qf3 Be7 17. Qe3 Ne5 18. h3 Rc8 19. f4 Nc4 20. Bxc4 Qxc4 21.
Nd2 Qc5 22. Qxc5 Rxc5 23. Nb3 Rc7 24. Rd2 h4 25. f5 Rg8 26. Nd4 e5 27. Nf3 Rh8 28.
Ree2 Kf8 29. Nd5 Bxd5 30. Rxd5 Kg7 31. c3 Rb8 32. Nxh4 b4 33. cxb4 Rxb4 34. b3 Rc1+ 35. Kh2 Rc3 36. Nf3 Rc6 37. Rd1 Bd8 38. Red2 Bc7 39. Re2 a5 40. Rd3 a4 41. h4 axb3 42.
Rxb3 Rxb3 43. axb3 Rc3 44. Rb2 Bb6 45. b4 Re3 46.
Nd2 Rd3 47. b5 Kh6 48. Nc4 Bd4 49. Rb1 Rc3 50. b6 Rxc4 51. b7 Ba7 52. b8=Q Bxb8 53. Rxb8 Rxe4 54. Rd8 Rxh4+ 55. Kg3 Rf4 56. Rxd6 Rxf5 57.
Kg4 Rg5+ 0-1

[Event "*** Titled Tuesday Blitz"]
[Site "Chess.com"]
[Date "2020.05.19"]
[Round "6"]
[White "ChronicUnhappiness"]
[Black "OhanyanEminChess"]
[Result "1-0"]
[WhiteElo "2293"]
[BlackElo "2425"]
[TimeControl "180+1"]
[EndTime "13:10:16 PDT"]
[Termination "ChronicUnhappiness won by resignation"]

1. c4 Nf6 2. g3 g6 3. Bg2 Bg7 4.
Nf3 O-O 5. O-O d6 6. Nc3 Nbd7 7. b3 c5 8. Bb2 Rb8 9. d4 a6 10.
dxc5 Nxc5 11. Nd4 Ne6 12. Nd5 Nxd5 13. cxd5 Nxd4 14. Bxd4 Bxd4 15. Qxd4 Bd7 16. Rfc1 Rc8 17. h4 h5 18. b4 a5 19. a3 Rxc1+ 20. Rxc1 axb4 21. Qxb4 b5 22. e4 Qb8 23. e5 Qb6 24. a4 Ra8 25. e6 Be8 26. exf7+ Kxf7 27. axb5 Qxb5 28. Qf4+ Kg8 29. Be4 Qb2 30. Qg5 Ra1 31. Rxa1 Qxa1+ 32. Kg2 Qf6 33. Qxf6 exf6 34. f4 Kg7 35.
Kf3 Bd7 36. Ke3 Be8 37. Kd4 Kf8 38. Bd3 Ke7 39. Kc4 Kd8 40. Kb4 Kc7 41. Ka5 Bf7 42. Kb5 Bxd5 43. Bxg6 Bf3 44. Kc4 Kd7 45. Kd4 Ke6 46.
Be4 Bg4 47. Bd5+ Ke7 48. Ke4 Kd7 49. f5 Kc7 50. Kf4 Kd7 51. Bf3 Bxf3 52. Kxf3 d5 53. g4 hxg4+ 54. Kxg4 Ke7 55. Kf4 Kf7 56. Ke3 Kg7 57. Kd4 Kh6 58. Kxd5 Kh5 59. Ke6 Kxh4 60. Kxf6 1-0

[Event "*** Titled Tuesday Blitz"]
[Site "Chess.com"]
[Date "2020.05.19"]
[Round "6"]
[White "SaraciNderim"]
[Black "Salem-AR"]
[Result "1-0"]
[WhiteElo "2881"]
[BlackElo "3034"]
[TimeControl "180+1"]
[EndTime "13:10:17 PDT"]
[Termination "SaraciNderim won by resignation"]

1. d4 Nf6 2. Nf3 g6 3. g3 Bg7 4. Bg2 d5 5. O-O O-O 6. c4 dxc4 7. Qc2 Nd5 8. Qxc4 Nb6 9. Qb3 Nc6 10. e3 e5 11. Nxe5 Nxe5 12. dxe5 Bxe5 13. Nc3 c6 14. Qc2 Qe7 15. b3 Rd8 16. Bb2 Bf5 17. e4 Be6 18.
Rad1 Bg4 19. Rxd8+ Rxd8 20. h3 Be6 21. Rd1 Rxd1+ 22. Nxd1 Bxb2 23. Nxb2 Qb4 24. Nd3 Qd4 25.
Nc5 Bc8 26. Kh2 Nd7 27. Nxd7 Bxd7 28. a3 c5 29. h4 h5 30. Bh3 Bxh3 31. Kxh3 b5 32. Kg2 c4 33. bxc4 bxc4 34. Kf3 c3 35.
Ke2 a5 36. a4 Kf8 37. f3 Kg8 38. Qd3 Qe5 39. f4 Qc5 40. Qc2 Qd4 41. e5 Kg7 42. Kf3 Kf8 43. Ke2 Ke8 44. Qd3 Qc5 45.
Qb5+ Qxb5+ 46. axb5 Kd7 47. Kd3 Kc7 48. Kxc3 Kb6 49.
Kc4 a4 50. Kb4 a3 51. Kxa3 Kxb5 52. Kb3 Kc5 53. Kc3 Kd5 54. Kd3 Ke6 55. Ke4 f6 56.
Kd4 fxe5+ 57. fxe5 Kf5 58. Kd5 Kg4 59. e6 1-0

[Event "*** Titled Tuesday Blitz"]
[Site "Chess.com"]
[Date "2020.05.19"]
[Round "6"]
[White "Xeniya2005"]
[Black "Yuri202062"]
[Result "1-0"]
[WhiteElo "2293"]
[BlackElo "2416"]
[TimeControl "180+1"]
[EndTime "13:10:17 PDT"]
[Termination "Xeniya2005 won on time"]

1. e4 c5 2. Nf3 e6 3. d4 cxd4 4.
Nxd4 a6 5. Nc3 d6 6. Be3 b5 7. a4 b4 8. Na2 Nf6 9. Bd3 Bb7 10. f3 d5 11. e5 Nfd7 12. f4 Nc6 13. Nxc6 Bxc6 14.
O-O Be7 15. c3 a5 16. cxb4 axb4 17. b3 Rc8 18. Rc1 O-O 19. Qd2 d4 20. Bxd4 Bd5 21.
Nxb4 Bxb3 22. Nc6 Rxc6 23. Rxc6 Bxa4 24. Rcc1 Nb8 25. Qe3 Bc6 26. Bb1 Bd5 27. Rfd1 Nc6 28. Bc5 Bxc5 29. Qxc5 Ne7 30. Qd6 Ng6 31. Qxd8 Rxd8 32.
g3 Ne7 33. Be4 h5 34. Bxd5 Nxd5 35. Rc5 g6 36. Kf2 Kg7 37. h3 Ra8 38. Rd2 Ra3 39. Rcxd5 exd5 40. Rxd5 Rb3 41. Rd6 Ra3 42. Kg2 Rb3 43.
g4 hxg4 44. hxg4 Ra3 45. Rd2 Rb3 46. Rf2 Ra3 47. Rf3 Ra4 48. Kg3 Ra1 49. Rd3 Rb1 50. Kh4 Ra1 51. Rd7 Kf8 52. Kg5 Ra6 53. Rb7 Rc6 54. f5 gxf5 55. gxf5 f6+ 56. Kg6 fxe5+ 57. f6 Rc8 58. Rh7 1-0

[Event "*** Titled Tuesday Blitz"]
[Site "Chess.com"]
[Date "2020.05.19"]
[Round "6"]
[White "GoValya"]
[Black "Ceejay271"]
[Result "0-1"]
[WhiteElo "2196"]
[BlackElo "2396"]
[TimeControl "180+1"]
[EndTime "13:10:17 PDT"]
[Termination "Ceejay271 won by checkmate"]

1. d4 Nf6 2. c4 e6 3. g3 d5 4.
Bg2 Bb4+ 5. Bd2 Be7 6. Nf3 O-O 7. cxd5 exd5 8. O-O c6 9. Nc3 Re8 10. Bf4 Bf5 11.
Ne5 Nbd7 12. Rc1 Nxe5 13. dxe5 Nd7 14. e4 dxe4 15. Nxe4 Bxe4 16. Bxe4 Bf8 17. Qb3 Nc5 18. Qc2 Nxe4 19. Qxe4 Qa5 20. Rfd1 Rad8 21. Rxd8 Rxd8 22.
e6 Qd5 23. exf7+ Qxf7 24. Re1 Qxa2 25. Bc7 Rc8 26. Be5 Qe6 27. Qd4 Re8 28. Qxa7 Qd5 29. Bc3 Rxe1+ 30. Bxe1 Qd1 31. Qe3 h5 32. Qe6+ Kh8 33.
Qe8 Kh7 34. Kg2 Qd5+ 35. f3 Bc5 36. Bc3 Qf5 37. Qe2 b5 38. h4 b4 39. Be5 Qe6 40.
Qe4+ g6 41. f4 Kg8 42. Qd3 Kf7 43. Qd8 Qd5+ 44. Qxd5+ cxd5 45. Kf3 Ke6 46. Ke2 Kf5 47. Kf3 Bg1 48. b3 d4 49. Ke2 Be3 50. Kd3 Bf2 51. Bxd4 Bxg3 52. Kc4 Bxh4 53. Be5 Bg3 54. Kxb4 h4 55. Bd4 h3 56. Bg1 h2 57. Bxh2 Bxh2 58.
Kc4 Bxf4 59. b4 g5 60. Kd3 g4 61. Ke2 g3 62. Kf3 Kg5 63. b5 Bb8 64. b6 Kh4 65. Kg2 Kg4 66. b7 Kh4 67. Kh1 Kh3 68. Kg1 Ba7+ 69. Kh1 g2# 0-1

[Event "*** Titled Tuesday Blitz"]
[Site "Chess.com"]
[Date "2020.05.19"]
[Round "6"]
[White "Gloomy_Wanderer"]
[Black "csati17"]
[Result "1/2-1/2"]
[WhiteElo "2755"]
[BlackElo "2572"]
[TimeControl "180+1"]
[EndTime "13:10:19 PDT"]
[Termination "Game drawn by repetition"]

1. d4 Nf6 2. Nf3 e6 3. c4 Bb4+ 4. Bd2 Qe7 5. g3 O-O 6. Bg2 Bxd2+ 7. Qxd2 Nc6 8. Nc3 e5 9. O-O d6 10. e3 Bg4 11. h3 Bxf3 12. Bxf3 Rad8 13. Rad1 h5 14.
h4 g6 15. Qc2 Kg7 16. a3 Nb8 17. b4 c6 18. d5 Rc8 19. dxc6 bxc6 20. Qb3 Rfd8 21. Rd2 Nbd7 22. Rfd1 Nb6 23. Na4 Qe6 24. Nxb6 axb6 25. a4 e4 26. Bg2 Qe5 27. Qb2 Qe6 28. Bf1 Rc7 29. a5 Rb7 30. a6 Ra7 31. b5 c5 32. Qc3 Kf8 33. Bg2 Ke7 34. Kh2 Ng4+ 35. Kg1 Nf6 36. Rc2 d5 37. cxd5 Rxd5 38. Rcd2 Rxd2 39. Rxd2 Rd7 40. Bf1 Nd5 41. Qb3 Nc7 42. Bc4 Qg4 43. Qc3 Rxd2 44. Qxd2 Qd7 45. Qa2 Qd1+ 46.
Kh2 Qf3 47. a7 Kd6 48. Bd5 Ke5 49. a8=Q Nxa8 50. Bxa8 Qd1 51. Bc6 Qf3 52. Kg1 Kf6 53.
Qd2 Kg7 54. Qc3+ Kh6 55. Qd2 Kg7 56. Bd5 g5 57. hxg5 h4 58. gxh4 Qg4+ 59. Kf1 Qh3+ 60. Ke2 Qf3+ 61. Ke1 Qh1+ 62. Ke2 Qf3+ 63. Kf1 Qh1+ 64.
Ke2 Qf3+ 1/2-1/2

[Event "*** Titled Tuesday Blitz"]
[Site "Chess.com"]
[Date "2020.05.19"]
[Round "6"]
[White "northridgehawk"]
[Black "jeaston1"]
[Result "0-1"]
[WhiteElo "2246"]
[BlackElo "2419"]
[TimeControl "180+1"]
[EndTime "13:10:21 PDT"]
[Termination "jeaston1 won by resignation"]

1. e4 c5 2. Nf3 Nc6 3. d4 cxd4 4. Nxd4 Nf6 5. Nc3 e5 6. Ndb5 d6 7. Nd5 Nxd5 8. exd5 Ne7 9. c4 Ng6 10. Be2 Be7 11.
O-O O-O 12. Be3 a6 13. Nc3 f5 14. f4 exf4 15. Bxf4 Qb6+ 16. Kh1 Nxf4 17. Rxf4 Qxb2 18. Rf3 Bg5 19. Rb1 Qd2 20. Qf1 Qd4 21. Rd1 Qe5 22. Qf2 Bd7 23. h4 Bh6 24. c5 Rac8 25. c6 bxc6 26. dxc6 Bxc6 27. Bc4+ Kh8 28. Bd5 Bxd5 29. Nxd5 Rc1 30. Rd3 Rxd1+ 31. Rxd1 f4 32. Qf3 Re8 33. Kh2 Qe2 34. Rf1 Qxf3 35. Rxf3 Re4 36. Ra3 f3 37. Rxa6 g6 38. gxf3 Rxh4+ 39. Kg3 Rd4 40.
Rxd6 Bf8 41. Rd8 Kg7 42. Rd7+ Kh6 43. Nf6 Rxd7 44. Nxd7 Ba3 45. Nb6 Kg7 46. Nc4 Bc5 47. a4 Kf6 48. a5 Ba7 49. a6 Ke6 50. Na5 Kd6 51. Nb3 Kc6 52. Nd2 Kb6 53. Ne4 Kxa6 54. Ng5 Bb8+ 55. Kg4 h5+ 56. Kh4 Bf4 57. Ne6 Be5 58.
Kg5 Bd6 59. Kxg6 h4 60. Ng5 Be7 61. Nh3 Bd8 62. Kh5 Kb6 63. Kg4 Kc6 64. f4 Kd5 65. f5 Ke5 66. Nf2 Kd4 67. Kh5 Ke3 68. Kg6 Kxf2 0-1

[Event "*** Titled Tuesday Blitz"]
[Site "Chess.com"]
[Date "2020.05.19"]
[Round "6"]
[White "PotapovaM"]
[Black "PauloCesarCosta_sad"]
[Result "1-0"]
[WhiteElo "2420"]
[BlackElo "2203"]
[TimeControl "180+1"]
[EndTime "13:10:21 PDT"]
[Termination "PotapovaM won on time"]

1. d4 d5 2. c4 c6 3. Nf3 e6 4. g3 dxc4 5. Bg2 b5 6. Ne5 Bb4+ 7. Nc3 Ne7 8. a4 Nd5 9. O-O Nxc3 10. bxc3 Bxc3 11. Ba3 Bxa1 12. Qxa1 a6 13. Nxc6 Nxc6 14.
Bxc6+ Bd7 15. Bxa8 Qxa8 16. Qb1 Bc6 17. Qb4 Qd8 18. axb5 axb5 19. Qc5 Qd7 20. Bb4 f6 21. Ra1 Bb7 22. Ra7 c3 23. Bxc3 Qc6 24. Qxc6+ Bxc6 25. Rxg7 Bd5 26. Bb4 f5 27. Rc7 Rg8 28. Rxh7 Kd8 29. Ra7 Ke8 30. Rc7 Rg4 31. e3 Kd8 32. Rc5 Kd7 33.
Rxb5 Kc6 34. Rc5+ Kd7 35. Kf1 Rg8 36. Ke2 Rh8 37. h4 Ra8 38. Bd2 Ra2 39. Ra5 Bf3+ 40. Kxf3 Rxd2 41. Ra6 Rb2 42. h5 Rb8 43. h6 Rh8 44. h7 Ke7 45. Kf4 Kf6 46. Ra7 Kg6 47. Ke5 Rxh7 48. Rxh7 Kxh7 49. Kxe6 Kg7 50. Kxf5 Kf7 51.
Ke5 Ke7 52. d5 Kf7 53. e4 Ke7 54. f4 Kd7 55. g4 Ke7 56. g5 Kf7 57. f5 Ke7 58. g6 Kf8 59. Kf6 Kg8 60. g7 Kh7 61. Kf7 Kh6 62. g8=Q Kh5 63. Qg6+ Kh4 64. d6 Kh3 65. d7 Kh4 66. d8=Q+ 1-0

[Event "*** Titled Tuesday Blitz"]
[Site "Chess.com"]
[Date "2020.05.19"]
[Round "6"]
[White "MilanJeremic"]
[Black "sommerpower"]
[Result "1-0"]
[WhiteElo "2305"]
[BlackElo "2441"]
[TimeControl "180+1"]
[EndTime "13:10:24 PDT"]
[Termination "MilanJeremic won on time"]

1. d4 Nf6 2. Nf3 e6 3. g3 b5 4.
Bg2 Bb7 5. O-O Be7 6. Bg5 O-O 7. c3 h6 8. Bxf6 Bxf6 9. Nbd2 d6 10. e4 Nd7 11. Re1 c5 12. e5 Be7 13. exd6 Bxd6 14.
Ne4 Be7 15. dxc5 Nxc5 16. Nxc5 Bxc5 17. Qe2 Qb6 18. Red1 a5 19. a3 Rfd8 20. Ne5 Bxg2 21. Kxg2 f6 22. Nd3 e5 23. Qe4 Be7 24. f4 Ra7 25.
fxe5 Rad7 26. exf6 Bxf6 27. Nf2 Rd2 28. Rxd2 Rxd2 29.
Qe8+ Kh7 30. Qe4+ g6 31. Rf1 Rxb2 32. h4 h5 33. Qd3 Qc6+ 34. Kh3 Qc8+ 35. Kg2 Qxc3 36.
Qd7+ Kh6 37. Kh3 Be5 38. Ne4 Qc2 39. Nf2 Qe2 40. Qd3 Qxd3 41. Nxd3 Re2 42. Rb1 Re3 43.
Nxe5 Rxe5 44. Kg2 Kg7 45. Kf3 Kf6 46. Rc1 Rd5 47. Rc6+ Kf5 48. Rb6 a4 49. Ke3 Rc5 50. Kf3 Rc3+ 51. Kg2 Rb3 52. Kh3 Ke4 53. Rxg6 Rxa3 54.
Re6+ Kf5 55. Rb6 b4 56. Rxb4 Ke6 57. Rb5 Rb3 58. Rxh5 a3 59. Ra5 Kd6 60. h5 Kc6 61. h6 Kb6 62. Ra8 Kb7 63. h7 1-0

[Event "*** Titled Tuesday Blitz"]
[Site "Chess.com"]
[Date "2020.05.19"]
[Round "6"]
[White "Stormeman100100"]
[Black "Djager97"]
[Result "0-1"]
[WhiteElo "2541"]
[BlackElo "2381"]
[TimeControl "180+1"]
[EndTime "13:10:25 PDT"]
[Termination "Djager97 won on time"]

1. e4 e5 2. Nf3 Nc6 3. Bb5 a6 4.
Ba4 Nf6 5. d3 b5 6. Bb3 Be7 7.
O-O d6 8. a3 O-O 9. Nc3 Na5 10.
Ba2 Be6 11. b4 Bxa2 12. Nxa2 Nb7 13. c4 c5 14. Nc3 bxc4 15. dxc4 Qc7 16. b5 Na5 17. Bg5 Nxc4 18. Bxf6 Bxf6 19. Nd5 Qd8 20. bxa6 Nb6 21. Rb1 Nxd5 22. Qxd5 Rxa6 23. Rb3 Qa8 24.
Rb7 Ra7 25. Rxa7 Qxa7 26. Qxd6 Rd8 27. Qc6 Qxa3 28. Qc7 Qc3 29. h3 h6 30. Rb1 Qc2 31.
Rb7 Qxe4 32. Qxf7+ Kh8 33. Rd7 Rxd7 34. Qxd7 c4 35.
Qc8+ Kh7 36. Nd2 Qe1+ 37. Nf1 Qe4 38. Ng3 Qd3 39. Nh5 Qd1+ 40. Kh2 Qxh5 41. Qxc4 Qf5 42. Qe2 Qf4+ 43. g3 Qf5 44. Kg2 e4 45. Qc2 Qf3+ 46. Kg1 Bd4 47. Qd2 Bf6 48. Qc2 Bd4 49. Qd2 Bc5 50.
Qc2 Bb6 51. Kf1 Bc7 52. Kg1 Bxg3 53. fxg3 Qxg3+ 54. Kf1 Qxh3+ 55. Kg1 Qf3 56. Qc8 h5 57. Qe8 Qg4+ 58. Kf2 Qf3+ 59. Ke1 h4 0-1

[Event "*** Titled Tuesday Blitz"]
[Site "Chess.com"]
[Date "2020.05.19"]
[Round "6"]
[White "lamomiablanca"]
[Black "kot60"]
[Result "1-0"]
[WhiteElo "2191"]
[BlackElo "2370"]
[TimeControl "180+1"]
[EndTime "13:10:25 PDT"]
[Termination "lamomiablanca won by checkmate"]

1. e4 e5 2. Qh5 Nc6 3. Bc4 Qe7 4. Ne2 Nf6 5. Qf3 d6 6. h3 Be6 7. d3 O-O-O 8. Nbc3 Nd4 9. Nxd4 exd4 10.
Bxe6+ fxe6 11. Ne2 e5 12. O-O g6 13. Bg5 Bg7 14.
c3 h6 15. Bxf6 Bxf6 16. cxd4 exd4 17. Nf4 Qg7 18. Ne6 Qe7 19. Nxd8 Rxd8 20. Qg4+ Kb8 21. Qxg6 Bg7 22. f4 Rf8 23. Qh5 a6 24. Rf3 Qd7 25.
b3 Rf6 26. Qg4 Qe7 27. Re1 Bf8 28. Rff1 Qe8 29. e5 dxe5 30. fxe5 Rxf1+ 31. Rxf1 Be7 32. Qe6 Qd8 33. Rf7 Bg5 34. Kh1 Be3 35. Qe7 Qd5 36. Qxc7+ Ka7 37. Rf3 Qb5 38. Rf7 Qb4 39. Kh2 Bg5 40.
e6 Bh4 41. e7 Qe1 42. Qxb7+ Kxb7 43. e8=Q+ Kb6 44. Rf6+ Kc5 45. Qxe1 Bxe1 46. Rxa6 Bd2 47. Kg3 Kb4 48. Rc6 Ka3 49. Rc2 Bc3 50. Kf3 Bb2 51. Rxb2 Kxb2 52. Ke4 Kc3 53. g4 Kb4 54. Kxd4 Ka3 55. h4 h5 56. gxh5 Kb4 57. h6 Ka3 58.
h7 Kb4 59. h8=Q Ka3 60. Qf8+ Kb2 61. b4 Ka3 62. b5+ Ka4 63. b6 Ka5 64. b7 Kb6 65.
b8=Q+ Kc6 66. Qf6+ Kd7 67. Qfd6# 1-0

[Event "*** Titled Tuesday Blitz"]
[Site "Chess.com"]
[Date "2020.05.19"]
[Round "6"]
[White "AGW2016"]
[Black "Lali-Rustavi"]
[Result "1-0"]
[WhiteElo "2229"]
[BlackElo "1882"]
[TimeControl "180+1"]
[EndTime "13:10:25 PDT"]
[Termination "AGW2016 won on time"]

1. e4 c6 2. d3 d5 3. Nf3 dxe4 4. dxe4 Qxd1+ 5. Kxd1 Bg4 6. Be2 e6 7. Nfd2 Bxe2+ 8.
Kxe2 Bc5 9. c3 Nf6 10. f3 O-O 11. a4 Na6 12. b4 Bd6 13. Nc4 Bc7 14. Bg5 Nd7 15. Rd1 Nb6 16. Na5 Rab8 17. Nd2 f6 18. Be3 Rfd8 19. g3 Be5 20. Rac1 Nxa4 21. Bxa7 Ra8 22.
Bd4 Bxd4 23. cxd4 Rxd4 24. Nxb7 Rxb4 25. Nd6 c5 26. N2c4 Rab8 27. Rd2 Rb3 28. Ra1 Nc3+ 29.
Ke1 Nb4 30. Ra7 Rb1+ 31. Kf2 Nd1+ 32. Kg2 Nc6 33. Rc7 Ne5 34. Nxe5 fxe5 35. Rxc5 Ne3+ 36. Kf2 Nd1+ 37. Ke2 Nb2 38. Rxe5 g6 39. Rxe6 Ra8 40. Re8+ Rxe8 41. Nxe8 Kf8 42. Nd6 Ke7 43. e5 Na4 44. f4 Rh1 45. Kd3 Nc5+ 46. Kc4 Rc1+ 47. Kd5 Ne6 48. f5 Rc5+ 49. Ke4 gxf5+ 50. Nxf5+ Kf7 51. Rd7+ Kg6 52. Nd4 Ng5+ 53. Kf4 Nh3+ 54. Kg4 Nf2+ 55. Kf3 Nd3 56. Ke4 Rc3 57. e6 Nc5+ 58.
Kd5 1-0

[Event "*** Titled Tuesday Blitz"]
[Site "Chess.com"]
[Date "2020.05.19"]
[Round "6"]
[White "Vaathi_Coming"]
[Black "DenLaz"]
[Result "1-0"]
[WhiteElo "2880"]
[BlackElo "2669"]
[TimeControl "180+1"]
[EndTime "13:10:26 PDT"]
[Termination "Vaathi_Coming won by resignation"]

1. e4 e5 2. Nf3 Nc6 3. Bb5 a6 4. Ba4 Nf6 5. O-O Be7 6. Re1 b5 7. Bb3 d6 8. c3 O-O 9. h3 Bb7 10. d4 Re8 11. Ng5 Rf8 12. Nf3 Re8 13. Nbd2 Bf8 14. a3 g6 15. Bc2 Bg7 16. b3 Nh5 17. d5 Nb8 18. c4 Nd7 19. Nf1 Nf4 20. g3 Nh5 21. Bd2 c5 22. Bd3 Qb6 23. b4 cxb4 24.
axb4 bxc4 25. Bxc4 Nhf6 26. Qe2 Rec8 27. Rec1 Rc7 28.
Be3 Qxb4 29. N1d2 Nc5 30. Rcb1 Qc3 31. Bxc5 dxc5 32. Ra2 Ne8 33. Qf1 Bh6 34. Rb3 Bxd2 35. Nxd2 Qd4 36. Rd3 Nd6 37. Rxd4 cxd4 38. Bd3 Rac8 39.
Ra1 Rc3 40. Kg2 Kg7 41. Bxa6 Rc2 42. Bxb7 Nxb7 43. Qa6 R8c7 44. Nf3 Nc5 45. Qd6 Nd3 46. Nxe5 Nxf2 47. Qd8 Nxe4+ 48. Kg1 Nxg3 49. Nd7 Ne2+ 50.
Kf1 Ng3+ 51. Ke1 Rxd7 52. Qxd7 Re2+ 53. Kd1 Rg2 54. Ra3 Ne4 55. Qe7 Nc3+ 56. Rxc3 dxc3 57. Qe5+ f6 58. Qxc3 Rg5 59. Qc6 Rg3 60. d6 Rd3+ 61.
Kc2 Rd4 62. Qc5 1-0

[Event "*** Titled Tuesday Blitz"]
[Site "Chess.com"]
[Date "2020.05.19"]
[Round "6"]
[White "Zufi1811"]
[Black "Zarikovs1999"]
[Result "0-1"]
[WhiteElo "2549"]
[BlackElo "2417"]
[TimeControl "180+1"]
[EndTime "13:10:26 PDT"]
[Termination "Zarikovs1999 won on time"]

1. e4 c5 2. Nf3 Nf6 3. e5 Nd5 4. Nc3 e6 5. Nxd5 exd5 6. d4 Nc6 7. c3 d6 8. Bb5 a6 9. Bxc6+ bxc6 10. O-O dxe5 11. Nxe5 Qc7 12. Re1 Be7 13. dxc5 O-O 14. Nd3 Bf5 15. Bf4 Qd7 16. Ne5 Qb7 17. b4 Bf6 18. Qd2 Rfe8 19. h3 h6 20. a3 Rad8 21.
Nf3 Qd7 22. Be5 Be7 23. Nd4 Be4 24. f3 Bg6 25. Re2 Bg5 26. Bf4 Rxe2 27. Nxe2 Bf6 28. Re1 d4 29. cxd4 Bxd4+ 30. Kh1 Bf6 31. Qxd7 Rxd7 32.
Bd6 Be7 33. Rd1 Bf6 34. Rd2 Bb1 35. g4 g6 36. Kg2 Kh7 37. Ng3 Bg5 38. f4 Bh4 39. Kf3 Bxg3 40. Kxg3 Be4 41. Kf2 Bd5 42. h4 f5 43. g5 h5 44. Re2 Kg8 45. Re5 Kf7 46. Ke3 Bc4 47. Kd4 Bb5 48. Re1 Rb7 49. Ra1 Ba4 50. Kc3 Ra7 51. Re1 a5 52. Re3 axb4+ 53.
Kxb4 Bb5 54. Kb3 Rb7 55. a4 Be2+ 56. Kc3 Ba6 57. Re1 Ra7 58. Rd1 Be2 59. Rd2 Ba6 60. Rb2 Bf1 61. Rb4 Ke6 0-1

[Event "*** Titled Tuesday Blitz"]
[Site "Chess.com"]
[Date "2020.05.19"]
[Round "6"]
[White "Angel_Hranitel_37"]
[Black "Savagelittlemole"]
[Result "0-1"]
[WhiteElo "2366"]
[BlackElo "2530"]
[TimeControl "180+1"]
[EndTime "13:10:27 PDT"]
[Termination "Savagelittlemole won by checkmate"]

1. d4 Nf6 2. Nf3 g6 3. g3 Bg7 4.
Bg2 O-O 5. O-O d6 6. Nc3 Nbd7 7. a4 e5 8. dxe5 dxe5 9. Nd2 c6 10. Nc4 Qc7 11. Qd6 Qxd6 12. Nxd6 Nc5 13. b4 Ne6 14. b5 Nd4 15. Ra2 Be6 16. Rb2 cxb5 17. axb5 Rfd8 18. Nxb7 Rd7 19. Nc5 Rc8 20. Nxd7 Nxd7 21. Nd5 Nxe2+ 22. Kh1 Rc5 23. Ne7+ Kf8 24. Nc6 e4 25. Rb1 Rxc2 26.
Bxe4 Ra2 27. Bf3 Bf5 28. Rb3 Nxc1 29. Rxc1 Rxf2 30. Re1 Nc5 31. Rbe3 Bf6 32. Nxa7 Nd3 33. R1e2 Rf1+ 34. Kg2 Ra1 35. Nc6 Rb1 36. Re8+ Kg7 37. Be4 Rxb5 38. Bxf5 Rxf5 39. Ne7 Ra5 40. Rg8+ Kh6 41.
Nc6 Ra1 42. Re4 Ra2+ 43. Kf3 Rxh2 44. Re3 Nc5 45. Ne5 Bxe5 46. Rxe5 Ne6 47. Re8 Ng5+ 48.
Kf4 Rf2+ 49. Ke3 Rf3+ 50. Ke2 Rxg3 51. Ra8 f5 52. Re7 Kh5 53. Ra1 Kg4 54. Kf2 Nh3+ 55. Ke2 h5 56. Ra4+ f4 57. Ree4 g5 58. Re5 Rg2+ 59.
Kf1 Kg3 60. Rf5 g4 61. Rfxf4 Nxf4 62. Ra3+ Kh2 63. Ra4 Nh3 64. Rxg4 Rxg4 65. Ke1 Rg2 66. Kf1 Kg3 67. Ke1 Kf3 68. Kf1 Rg1# 0-1

[Event "*** Titled Tuesday Blitz"]
[Site "Chess.com"]
[Date "2020.05.19"]
[Round "6"]
[White "Meri-Arabidze"]
[Black "jerry_77"]
[Result "1/2-1/2"]
[WhiteElo "2607"]
[BlackElo "2477"]
[TimeControl "180+1"]
[EndTime "13:10:28 PDT"]
[Termination "Game drawn by stalemate"]

1. d4 Nf6 2. c4 e6 3. Nf3 d5 4. Nc3 Bb4 5. Bg5 h6 6. Bxf6 Qxf6 7. Qa4+ Nc6 8. e3 O-O 9. Be2 Bd7 10. Qc2 dxc4 11. O-O Bxc3 12. Qxc3 b5 13. a4 a6 14. Rfc1 Ne7 15. e4 Bc6 16. Qe3 Ng6 17. b3 Qf4 18. Nd2 f5 19. bxc4 b4 20. d5 Bd7 21. exf5 exf5 22. Qxf4 Nxf4 23. Bf1 Rae8 24. c5 Ne2+ 25. Bxe2 Rxe2 26. Nb3 Rb2 27. Na5 Re8 28. c6 Bc8 29. Rab1 Ree2 30. Rxb2 Rxb2 31. h4 Kf7 32. d6 cxd6 33.
Nc4 Ra2 34. Nxd6+ Kf6 35. Nxc8 b3 36. Kh2 Rc2 37. Rb1 Rxc6 38. Rxb3 Rxc8 39. Rb6+ Ke5 40. Rxa6 Rc4 41. g3 Rc2 42. Kg2 Rc7 43. Ra8 g5 44.
h5 Kf6 45. a5 Kg7 46. a6 Rc3 47. Rb8 Ra3 48. Rb7+ Kf6 49. Rb6+ Kg7 50. Rb7+ Kf6 51. a7 g4 52. Kf1 Kg5 53. Ke2 Kxh5 54. Rg7 Ra2+ 55.
Kd3 f4 56. gxf4 g3 57. fxg3 Ra3+ 58. Ke4 Ra4+ 59. Kd5 Ra5+ 60. Ke6 Re5+ 61. Kd6 Rd5+ 62. Kc6 Rc5+ 63. Kb6 Rb5+ 64. Ka6 Ra5+ 65. Kb6 Rb5+ 66. Kc6 Rc5+ 67. Kb7 Rb5+ 68. Ka8 Rb8+ 69. Kxb8 1/2-1/2

[Event "*** Titled Tuesday Blitz"]
[Site "Chess.com"]
[Date "2020.05.19"]
[Round "6"]
[White "Torrentec"]
[Black "chessablanca"]
[Result "0-1"]
[WhiteElo "2295"]
[BlackElo "2451"]
[TimeControl "180+1"]
[EndTime "13:10:28 PDT"]
[Termination "chessablanca won by resignation"]

1. e4 e5 2. Nf3 Nc6 3. Bc4 Bc5 4. d3 Nf6 5. Be3 d6 6. Nc3 h6 7. h3 Be6 8. Bb3 Qd7 9. Qd2 O-O-O 10. O-O-O Bxe3 11. fxe3 d5 12. exd5 Nxd5 13. Ba4 f6 14. Ne4 Nb6 15.
Nc5 Qe7 16. Nxe6 Qxe6 17. Bb3 Qd6 18. Nh4 Rhe8 19. Nf5 Qd7 20. g4 a5 21. a3 Kb8 22.
Rhf1 a4 23. Ba2 Nc8 24. Qc3 Nd6 25. Ng3 Na7 26. Qc5 b6 27. Qb4 Qb5 28. Qc3 Qc6 29. Qxc6 Nxc6 30. Bd5 Ne7 31. Bg2 b5 32. Nf5 Nexf5 33.
gxf5 Rg8 34. Bc6 Ka7 35. e4 Kb6 36. Bd5 Rh8 37. Rg1 Rd7 38. Be6 Re7 39. Rg2 g5 40. h4 Ne8 41. Rh1 Rhh7 42. hxg5 hxg5 43. Rgh2 Rxh2 44.
Rxh2 Ng7 45. Rh7 Kc5 46. Bc8 Kd6 47. Rh6 Rf7 48. Ba6 c6 49. c4 Kc5 50. cxb5 cxb5 51.
Bb7 Kd4 52. Bd5 Rc7+ 53. Kd2 Ne8 54. Rh8 Rc8 55. Rf8 g4 56. Be6 Ra8 57. Bf7 Nc7 58.
Rxa8 Nxa8 59. Be8 Nc7 60. Bc6 g3 61. Ke2 g2 62. Kf2 Kxd3 63. Kxg2 Kc2 64. Kg3 Kxb2 65. Kg4 Kxa3 66. Kh5 b4 67. Kg6 b3 68. Kxf6 b2 69. Kxe5 b1=Q 70. f6 Qb2+ 71. Kf5 Qb6 72. e5 Qxc6 73.
f7 Qe6+ 0-1

[Event "*** Titled Tuesday Blitz"]
[Site "Chess.com"]
[Date "2020.05.19"]
[Round "6"]
[White "queen_iryna"]
[Black "Juanovic"]
[Result "1-0"]
[WhiteElo "2326"]
[BlackElo "2155"]
[TimeControl "180+1"]
[EndTime "13:10:28 PDT"]
[Termination "queen_iryna won by checkmate"]

1. d4 d5 2. Bf4 Nf6 3. e3 g6 4. c4 c6 5. Nc3 Bg7 6. Nf3 Nbd7 7. h3 O-O 8. cxd5 Nxd5 9. Nxd5 cxd5 10. Bd3 Re8 11.
O-O e5 12. dxe5 Nxe5 13. Nxe5 Bxe5 14. Bxe5 Rxe5 15. Rc1 Bd7 16. Qb3 Bc6 17. Rfd1 Qe7 18. Bb5 Rc8 19. Qa4 Re4 20. Qxa7 Qb4 21. Bxc6 bxc6 22. Qd7 Rb8 23. b3 Ra8 24. Rxc6 Rxa2 25. Qxd5 Qe7 26. b4 Rb2 27. b5 Reb4 28. Rc5 Qf6 29.
Qd8+ Qxd8 30. Rxd8+ Kg7 31. Rb8 h5 32. Rb7 Rd2 33. Rcc7 Rb1+ 34. Kh2 Rxf2 35. Rc5 h4 36. Rg5 Rfb2 37. e4 Kh6 38. Rg4 Rxb5 39. Rxb5 Rxb5 40. Rxh4+ Kg7 41. Rf4 Rb3 42. Rf3 Rb4 43. Re3 Kf6 44. Kg3 Ke5 45. Kf3 g5 46. Ra3 Kf6 47. Ra6+ Kg7 48. Ra5 f6 49. e5 Rf4+ 50. Kg3 Rf5 51.
exf6+ Rxf6 52. Rxg5+ Rg6 53. Rxg6+ Kxg6 54. Kg4 Kh6 55.
g3 Kg6 56. h4 Kh6 57. Kf5 Kh5 58. g4+ Kxh4 59. g5 Kh5 60. g6 Kh6 61. Kf6 Kh5 62. g7 Kh6 63. g8=Q Kh5 64. Qg5# 1-0